 Dungeon Crawl Stone Soup version 0.23-a0-398-g8eab93f (webtiles) character file.

13 tehllama the Gusty (level 2, -5/15 HPs)
             Began as a Tengu Air Elementalist on Nov 3, 2018.
             Slain by a hobgoblin
             ... wielding a cursed +0 club
              (8 damage)
             ... on level 1 of the Dungeon.
             The game lasted 00:01:35 (414 turns).

tehllama the Gusty (Tengu Air Elementalist)          Turns: 414, Time: 00:01:35

Health: -5/15      AC:  2    Str:  8    XL:     2   Next: 37%
Magic:  2/6        EV: 13    Int: 15    God:
Gold:   32         SH:  0    Dex: 14    Spells: 2/5 levels left

rFire    . . .     SeeInvis .   (no weapon)
rCold    . . .     Gourm    .   (no shield)
rNeg     . . .     Faith    .   a - +0 robe
rPois    .         Spirit   .   (helmet restricted)
rElec    .         Reflect  .   (no cloak)
rCorr    .         Harm     .   (no gloves)
MR       .....                  (boots unavailable)
Stlth    ++........             (no amulet)
HPRegen  0.05/turn              (no ring)
MPRegen  0.10/turn              (no ring)

@: no status effects
A: beak, talons 3
a: no special abilities


You were on level 1 of the Dungeon.
You were not hungry.

You visited 1 branch of the dungeon, and saw 1 of its levels.

You collected 32 gold pieces.

Inventory:

Armour
 a - a +0 robe (worn)
Scrolls
 b - a scroll of random uselessness {unknown}
Comestibles
 c - 2 rations
 d - 4 chunks of flesh


   Skills:
 + Level 2.3 Dodging
 - Level 2.0 Stealth
 + Level 2.1 Spellcasting
 * Level 2.1 Conjurations
 * Level 0.2 Charms
 * Level 4.3 Air Magic


You had 2 spell levels left.
You knew the following spells:

 Your Spells              Type           Power        Failure   Level  Hunger
a - Shock                 Conj/Air       ##..         6%          1    #......
b - Swiftness             Chrm/Air       #.......     13%         2    ###....

Your spell library contained the following spells:

 Spells                   Type           Power        Failure   Level  Hunger
 Static Discharge         Conj/Air       ##......     17%         3    ###....
 Airstrike                Air            ##........   36%         4    #####..
 Lightning Bolt           Conj/Air       ##........   85%         5    ######.


Dungeon Overview and Level Annotations

Branches:
Dungeon (1/15)

Altars:


Innate Abilities, Weirdness & Mutations

You have a beak for a mouth.
You have claws for feet.


Message History

You hit the hobgoblin.
You claw the hobgoblin, but do no damage.
You peck the hobgoblin.
The hobgoblin is severely wounded.
The hobgoblin hits you with a cursed +0 club.
You closely miss the hobgoblin.
You peck the hobgoblin, but do no damage.
The hobgoblin is severely wounded.
The hobgoblin hits you with a cursed +0 club.
* * * LOW HITPOINT WARNING * * *
Casting: Shock (safe; 6% risk of failure)
Confirm with . or Enter, or press ? or * to list all spells.
Aiming: Shock (safe; 6% risk of failure)
Press: ? - help, Shift-Dir - straight line, f - hobgoblin
Aim: a hobgoblin, wielding a +0 club (severely wounded)
The zap hits the hobgoblin.
The hobgoblin is almost dead.
The hobgoblin hits you with a cursed +0 club!
Ouch! That really hurt!
You die...

###.####..###..........#
#..................##..#
#.######..# #...#..##..#
##.## #........# #...# #
#...#..##.## #.⌠.# #.
######..##.## #...#
#..##...........# #.⌠.#
#...........##..# #...#
...###@####.###..# #.⌠.#
#g# #.# #..# #...# #.#
#.# ..# #.⌠.# #.# #.#
#...# #.. ..#
####.>.###### #.. ##
............# #..
............# #...
.....<......#


You could see a hobgoblin.

Vanquished Creatures
  A dart slug (D:1)
  A giant cockroach (D:1)
  2 goblins (D:1)
  A hobgoblin (D:1)
  2 jackals (D:1)
  A kobold (D:1)
  A rat (D:1)
9 creatures vanquished.

Notes
Turn   | Place    | Note
-------+----------+-------------------------------------------
     0 | D:1      | tehllama the Tengu Air Elementalist began the quest for the
                  | Orb.
     0 | D:1      | Reached XP level 1. HP: 10/10 MP: 4/4
   253 | D:1      | Reached XP level 2. HP: 15/15 MP: 0/6
   264 | D:1      | Learned a level 2 spell: Swiftness
   414 | D:1      | Slain by a hobgoblin

Vault maps used:
D:1:      lemuel_arrival_hallway

Skill      XL: |  1  2 |
---------------+-------+-----
Conjurations   | 2 |  2.1
Dodging        | |  2.3
Stealth        | |  2.0
Spellcasting   | |  2.1
Charms         | |  0.2
Air Magic      | |  4.3

Action                   || total
-------------------------++-------
Melee: Unarmed           ||    12
       Kick              ||     5
       Peck              ||     3
 Cast: Shock             ||    16
       Swiftness         ||     1
 Stab: Sleeping          ||     1
Armor: Robe              ||     3
Dodge: Dodged            ||    10

Table legend:
 A = Non-vault XP
 B = Vault XP
 C = Vault XP percentage of total XP
 D = Non-vault monster count
 E = Vault monster count
 F = Vault count percentage of total count
                 A         B        C        D         E       F
            +---------+---------+-------+---------+---------+-------
      Total |      19 |       0 |   0.0 |       9 |       0 |   0.0
            +---------+---------+-------+---------+---------+-------
        D:1 |      19 |       0 |   0.0 |       9 |       0 |   0.0
            +---------+---------+-------+---------+---------+-------
